 Dungeon Crawl Stone Soup version 0.30-a0-748-ge6a52f7cba (webtiles) character file.

Game seed: 4162464944278104556

179 oldriver the Shooter (level 6, -3/51 HPs)
             Began as a Meteoran Hunter on Feb 8, 2023.
             Succumbed to an orc's poison
             ... on level 3 of the Dungeon on Feb 9, 2023.
             The game lasted 00:07:07 (1266 turns).

oldriver the Shooter (Meteoran Hunter)              Turns: 1266, Time: 00:07:08

Health: -3/51      AC:  3    Str: 12    XL:     6   Next: 14%
Magic:  7/7        EV: 13    Int: 11    God:
Gold:   146        SH:  0    Dex: 20    Spells: 5/5 levels left

rFire   . . .      SeeInvis .    a - +0 shortbow
rCold   . . .      Faith    .    (shield currently unavailable)
rNeg    . . .      Spirit   .    c - +0 leather armour
rPois   .          Reflect  .    (no helmet)
rElec   .          Harm     .    (no cloak)
rCorr   .          Rampage  .    (no gloves)
Will    .....                    (no boots)
Stlth   +                        (no amulet)
HPRegen 0.28/turn                (no ring)
MPRegen 0.10/turn                (no ring)

@: lethally poisoned (-3 -> -25), glowing
A: sense surroundings 1, otherworldly, glowing, explore regen
a: no special abilities


You were on level 3 of the Dungeon.
You visited 1 branch of the dungeon, and saw 3 of its levels.

You collected 146 gold pieces.

Inventory:

Hand Weapons
 a - a +0 shortbow (weapon)
Missiles
 n - a throwing net
Armour
 c - a +0 leather armour (worn)
Scrolls
 b - a scroll of immolation
 e - a scroll of enchant armour {unknown}
 j - 2 scrolls of noise {unknown}
 k - a scroll of fear {unknown}
 o - a scroll of magic mapping {unknown}
 p - a scroll of amnesia {unknown}
Potions
 d - 4 potions of curing {unknown}
 f - a potion of lignification {unknown}
 g - 3 potions of attraction {unknown}
 h - 2 potions of haste {unknown}
 i - a potion of magic {unknown}
 l - a potion of heal wounds {unknown}
 m - a potion of degeneration {unknown}
 q - a potion of mutation {unknown}


   Skills:
 + Level 3.3 Fighting
 * Level 5.7 Ranged Weapons
 + Level 2.4 Armour
 + Level 3.7 Dodging
 - Level 0.6 Stealth


You had 5 spell levels left.
You didn't know any spells.
Your spell library was empty.

Dungeon Overview and Level Annotations

Branches:
Dungeon (3/15) Zot: 476

Altars:

Shops:
D:1 [


Innate Abilities, Weirdness & Mutations

You passively map a small area around you.
You are easily found by Zot.
You glow in the dark.
You regain HP and MP as you explore.


Message History

You are too injured to fight recklessly!
You are too injured to fight recklessly!
You are too injured to fight recklessly!
You are too injured to fight recklessly!
You are too injured to fight recklessly!
You are too injured to fight recklessly!
You are too injured to fight recklessly!
You are too injured to fight recklessly!
You are too injured to fight recklessly!
You are too injured to fight recklessly!
You are too injured to fight recklessly!
You are too injured to fight recklessly!
You are too injured to fight recklessly!
You are too injured to fight recklessly!
You are too injured to fight recklessly!
You are too injured to fight recklessly!
You are too injured to fight recklessly!
You are too injured to fight recklessly!
You are too injured to fight recklessly!
You are too injured to fight recklessly!
You are too injured to fight recklessly!
You shoot an arrow. The arrow barely misses the orc.
You feel extremely sick. The orc hits you but does no damage.
You are lethally poisoned!
The orc hits you but does no damage.
An orc comes into view. It is wielding a +0 dagger.
You shoot an arrow. The arrow barely misses the orc.
You feel extremely sick. The orc hits you but does no damage.
You are more poisoned.
The orc hits you with a +0 short sword.
* * * LOW HITPOINT WARNING * * *
You shoot an arrow. The arrow hits the orc.
You kill the orc!
* * * LOW HITPOINT WARNING * * *
You feel extremely sick. The orc closely misses you.
The orc hits you with a +0 short sword.
* * * LOW HITPOINT WARNING * * *
You die... #. * ,## , #.o *# 8. .So

, ##.#! ## * #o# ##.#.
,#.## . * ,
..##.⌠.###.♣.# .#
**#.#o##.#.#.#.##..#
#####.....#.....#....#
* *
#...o####...##......#*
+...oo.@.....#..##.##
#....####.##.#.....#
..... ,....#.#.##### ,
.... .[..>.......# ,
###* *####.)..#.##.#
......#..#.# *#..#
###...#..#.# #..#
*.....##.#.# #..######
#.##..#....#


You could see 3 orcs.

Vanquished Creatures
  A scorpion (D:3)
  3 adders
  4 gnolls (D:2)
  A dart slug (D:3)
  2 orcs (D:3)
  6 ball pythons
  5 endoplasms
  2 giant cockroaches
  5 goblins
  6 hobgoblins
  4 quokkas
  7 bats
  2 frilled lizards
  3 kobolds
  5 rats
56 creatures vanquished.

Notes
Turn   | Place    | Note
-------+----------+-------------------------------------------
     0 | D:1      | oldriver the Meteoran Hunter began the quest for the Orb.
     0 | D:1      | Reached XP level 1. HP: 17/17 MP: 2/2
    68 | D:1      | Found Tani's Antique Armour Emporium.
    88 | D:1      | Reached XP level 2. HP: 11/24 MP: 3/3
   287 | D:1      | Reached skill level 1 in Armour
   287 | D:1      | Reached XP level 3. HP: 21/30 MP: 4/4
   630 | D:2      | Reached XP level 4. HP: 37/37 MP: 5/5
   631 | D:2      | Reached skill level 5 in Ranged Weapons
   946 | D:2      | Reached XP level 5. HP: 25/45 MP: 6/6
  1016 | D:3      | Upgraded the game from 0.30-a0-743-gbfdf073431 to
                  | 0.30-a0-748-ge6a52f7cba
  1142 | D:3      | Reached XP level 6. HP: 51/51 MP: 7/7
  1265 | D:3      | HP: 2/51 [orc/+0 short sword (2)]
  1266 | D:3      | Succumbed to an orc's poison

Illustrated notes

Levels and vault maps discovered:
D:1:      minmay_arrival_floating_metal, layout_loops_corners, serial_shops,
          nicolae_shop_trees, shapermc_ecumenical_altar_hornbeckon,
          serial_bayou_pond_a, minmay_surrounded
D:2:      cheibrodos_helix_gallery, layout_loops_ring
D:3:      layout_basic, ebering_dispersal_statue_hall, grunt_decor_mini_mirrors

Skill      XL: |  1  2  3  4  5 |
---------------+----------------+-----
Armour         | 1 2 |  2.4
Dodging        | 3 |  3.7
Ranged Weapons | 5 |  5.7
Fighting       | 3 |  3.3
Stealth        | |  0.6

Action                     |  1- 3 |  4- 6 || total
---------------------------+-------+-------++-------
   Fire: Shortbow          |    98 |    85 ||   183
 Armour: Leather armour    |    23 |    19 ||    42
  Dodge: Dodged            |    35 |    40 ||    75

Table legend: (Time is in decaauts)
 A = Elapsed time spent in this place.
 B = Non-inter-level travel time spent in this place.
 C = Inter-level travel time spent in this place.
 D = Time resting spent in this place.
 E = Time spent auto-exploring this place.
 F = Levels seen in this place.
 G = Mean time per level.
                   A        B        C        D        E       F      G
               +--------+--------+--------+--------+--------+-----+--------+
         Total |   1323 |   1262 |     61 |      0 |      0 |   3 |  441.0 |
       Dungeon |   1323 |   1262 |     61 |      0 |      0 |   3 |  441.0 |
               +--------+--------+--------+--------+--------+-----+--------+

Top non-repeatable levels by time:
     D:2: 563 daAuts
     D:1: 497 daAuts
     D:3: 261 daAuts
